 Dungeon Crawl Stone Soup version 0.31-a0-128-g25add195a6 (webtiles) character file.

Game seed: 12812549440078440329

122 senseless the Trooper (level 5, 0/54 HPs)
             Began as an Ogre Warper on June 1, 2023.
             Slain by a goblin
             ... wielding a +0 club
             ... led by Robin
              (6 damage)
             ... on level 2 of the Dungeon.
             The game lasted 00:05:36 (2300 turns).

senseless the Trooper (Ogre Warper)                 Turns: 2300, Time: 00:05:38

Health: 0/54       AC:  3    Str: 15    XL:     5   Next: 6%
Magic:  7/9        EV: 10    Int: 16    God:
Gold:   36         SH:  0    Dex:  8    Spells: 5/10 levels left

rFire   . . .        a - +0 spear
rCold   . . .        (no shield)
rNeg    + . .        b - +0 robe
rPois   .            (helmet restricted)
rElec   .            (no cloak)
rCorr   .            (gloves unavailable)
SInv    .            (boots unavailable)
Will    +....        (no amulet)
Stlth   +            k - ring of willpower
HPRegen 0.29/turn    l - ring of positive energy
MPRegen 0.11/turn

%: no passive effects
@: no status effects
A: large, unfitting armour, tough skin 1
a: no special abilities


You were on level 2 of the Dungeon.
You visited 1 branch of the dungeon, and saw 2 of its levels.

You collected 36 gold pieces.

Inventory:

Hand Weapons
 a - a +0 spear (weapon)
 j - a +1 hammer of draining
Missiles
 d - 7 boomerangs of dispersal
Armour
 b - a +0 robe (worn)
Jewellery
 k - a ring of willpower (left hand)
 l - a ring of positive energy (right hand)
Scrolls
 c - a scroll of blinking
 f - a scroll of identify {unknown}
 g - 3 scrolls of fog {unknown}
 h - a scroll of brand weapon {unknown}
Potions
 e - a potion of berserk rage {unknown}


   Skills:
 + Level 3.8 Fighting
 + Level 2.8 Polearms
 - Level 1.0 Throwing
 + Level 2.8 Dodging
 + Level 3.3 Spellcasting
 + Level 3.3 Translocations


You had 5 spell levels left.
You knew the following spells:

 Your Spells              Type           Power      Damage    Failure   Level
a - Blink                 Tloc           26%        N/A       7%          2
b - Vhi's Electric Charg  Tloc/Air       14%        N/A       28%         3

Your spell library contained the following spells:

 Spells                   Type           Power      Damage    Failure   Level
 Lesser Beckoning         Tloc           26%        N/A       7%          2
 Teleport Other           Tloc           13%        N/A       14%         3
 Manifold Assault         Tloc           13%        N/A       43%         4


Dungeon Overview and Level Annotations

Branches:
Dungeon (2/15)

Altars:

Annotations:
D:2 1 runed translucent door, Crazy Yiuf, Robin


Innate Abilities, Weirdness & Mutations

You are too large for most types of armour.
You have tough skin. (AC +1)


Message History

The goblin no longer looks unusually strong.
Robin roars a battlecry!
The goblin goes into a battle-frenzy!
The endoplasm attacks as you move away! The endoplasm hits you.
You feel sick. Robin throws the goblin at you!
You closely miss the goblin.
You feel sick. The goblin hits you but does no damage.
The endoplasm barely misses you. The hobgoblin barely misses you.
You hit the goblin but do no damage.
You feel sick.
You are no longer poisoned.
The goblin hits you with a +0 dagger.
* * * LOW HITPOINT WARNING * * *
The endoplasm freezes you.
You are frozen.
* * * LOW HITPOINT WARNING * * *
The hobgoblin hits you but does no damage.
Robin roars a battlecry!
The goblin goes into a battle-frenzy!
It was a potion of curing.
You feel better. The goblin hits you with a +0 club.
* * * LOW HITPOINT WARNING * * *
The goblin barely misses you. The endoplasm freezes you.
You are frozen.
* * * LOW HITPOINT WARNING * * *
The hobgoblin hits you but does no damage.
You hit the goblin but do no damage.
You feel stable enough to blink again.
The hobgoblin no longer looks unusually strong.
The goblin hits you with a +0 club.
* * * LOW HITPOINT WARNING * * *
The goblin hits you with a +0 dagger.
* * * LOW HITPOINT WARNING * * *
The endoplasm barely misses you. The hobgoblin closely misses you.
You hit the goblin.
You kill the goblin!
The hobgoblin no longer looks unusually strong.
The hobgoblin hits you.
* * * LOW HITPOINT WARNING * * *
The goblin hits you with a +0 club.
You die...

### ########.##
.......>#.# ##
######.#.#†# #.
##....### #g.#S##
....##.###.#.ghg####
##.## #.#....ggJ@).#
### #>###..gg##.# ##
#...## # #.#.# #.#.
##### # #. ....# #.
###.######## #.
#........#


You could see Robin, an adder, an endoplasm, a jackal, 2 hobgoblins and 4
goblins.

Vanquished Creatures
  A gnoll (D:1)
  5 adders (D:2)
  A dart slug (D:1)
  4 endoplasms
  3 giant cockroaches
  9 goblins
  4 hobgoblins
  9 jackals
  2 quokkas
  5 ball pythons
  7 bats
  3 frilled lizards (D:1)
  5 kobolds
  2 rats (D:1)
60 creatures vanquished.

Notes
Turn   | Place    | Note
-------+----------+-------------------------------------------
     0 | D:1      | senseless the Ogre Warper began the quest for the Orb.
     0 | D:1      | Reached XP level 1. HP: 22/22 MP: 3/3
   140 | D:1      | Reached XP level 2. HP: 29/29 MP: 5/5
   237 | D:1      | Learned a level 2 spell: Blink
   386 | D:1      | Reached XP level 3. HP: 9/37 MP: 7/7
   651 | D:1      | Learned a level 3 spell: Vhi's Electric Charge
  1366 | D:2      | Reached XP level 4. HP: 11/45 MP: 5/8
  1580 | D:2      | Found a runed translucent door.
  1581 | D:2      | Noticed Crazy Yiuf
  1887 | D:2      | Found a faded altar of an unknown god.
  2084 | D:2      | Reached XP level 5. HP: 34/54 MP: 9/9
  2278 | D:2      | Noticed Robin
  2300 | D:2      | Slain by a goblin

Illustrated notes

Levels and vault maps discovered:
D:1:      wander_arrival_peaceful_grave, layout_basic, minmay_misc_feat_doors
D:2:      layout_loops_ring, ebering_ecumenical_altar_abandoned,
          uniq_crazy_yiuf_cottage, uniq_robin

Skill      XL: |  1  2  3 |
---------------+----------+-----
Fighting       | 3 |  3.8
Translocations | 3 |  3.3
Spellcasting   | 3 |  3.3
Polearms       | |  2.8
Throwing       | |  1.0
Dodging        | |  2.8

Action                     |  1- 3 |  4- 6 || total
---------------------------+-------+-------++-------
  Melee: Spear             |   202 |   152 ||   354
         Punch             |     1 |       ||     1
   Cast: Vhi's Electric Ch |     1 |     1 ||     2
         Blink             |       |     1 ||     1
    Use: Potion            |       |     1 ||     1
 Armour: Robe              |    45 |    54 ||    99
  Dodge: Dodged            |   110 |    79 ||   189

Table legend: (Time is in decaauts)
 A = Elapsed time spent in this place.
 B = Non-inter-level travel time spent in this place.
 C = Inter-level travel time spent in this place.
 D = Time resting spent in this place.
 E = Time spent auto-exploring this place.
 F = Levels seen in this place.
 G = Mean time per level.
                   A        B        C        D        E       F      G
               +--------+--------+--------+--------+--------+-----+--------+
         Total |   2290 |   2270 |     20 |      0 |   1740 |   2 | 1145.0 |
       Dungeon |   2290 |   2270 |     20 |      0 |   1740 |   2 | 1145.0 |
               +--------+--------+--------+--------+--------+-----+--------+

Top non-repeatable levels by time:
     D:1: 1309 daAuts
     D:2: 980 daAuts
